 Dungeon Sprint DCSS version 0.31-a0-408-gb642c7f9a3 (webtiles) character file.

Game seed: 16397240461480936193

138 rocky1 the Grappler (level 8, -4/74 HPs)
             Began as a Troll Shapeshifter on July 30, 2023.
             Was an Initiate of Gozag.
             Slain by a harpy (9 damage)
             ... in the Dungeon (Sprint VI: "Thunderdome").
             The game lasted 00:04:23 (612 turns).

rocky1 the Grappler (Troll Shapeshifter)             Turns: 612, Time: 00:04:24

Health: -4/74      AC:  4    Str: 24    XL:     8   Next: 35%
Magic:  7/7        EV: 11    Int:  6    God:    Gozag
Gold:   1975       SH:  0    Dex: 10    Spells: 7/7 levels left

rFire   . .          .
                       - Unarmed
rCold   . . .        (no shield)
rNeg    . . .        a - +0 animal skin
rPois   .            (helmet currently unavailable)
rElec   .            (cloak currently unavailable)
rCorr   .            (gloves unavailable)
SInv    .            (boots unavailable)
Will    .....        (no amulet)
Stlth   +            (no ring)
HPRegen 1.12/turn    (no ring)
MPRegen 0.10/turn

%: no teleportation
@: beast-form
A: beast (slay +6), large, unfitting armour, claws 3, regeneration 1, shaggy fur
1, tough skin 1
a: Begin Untransformation, Renounce Religion, Potion Petition, Call Merchant,
Bribe Branch


You were in the Dungeon.
You worshipped Gozag.
Gozag was most pleased with you.
You were a hulking beast.
You visited 1 branch You collected 1975 gold pieces.

Inventory:

Armour
 a - a +0 animal skin (worn)
Talismans
 c - a beast talisman
Wands
 h - a wand of iceblast (5)
 j - a wand of light (5)
Scrolls
 i - 4 scrolls of blinking
 k - 3 scrolls of fog
Potions
 b - a potion of lignification
 d - a potion of curing
 e - a potion of heal wounds
 f - 4 potions of haste
 g - 2 potions of magic
 l - a potion of resistance


   Skills:
 + Level 2.6 Fighting
 + Level 5.1 Dodging
 - Level 0.3 Stealth
 * Level 14.1 Unarmed Combat
 + Level 9.3 Shapeshifting


You had 7 spell levels left.
You didn't know any spells.
Your spell library was empty.

Dungeon Overview and Level Annotations

Branches:
Dungeon (1/1)

Altars:
Cheibriados
Dithmenos
Fedhas
Gozag
Kikubaaqudgha
Makhleb
Okawaru
Qazlal
Ru
Sif Muna
Trog
Uskayaw
Vehumet
Wu Jian
Xom
Yredelemnul
Zin
The Shining One
Lugonu

Shops:
D *[=??*?*:[((!!!!


Innate Abilities, Weirdness & Mutations

You are a hulking beast.
Your limbs bulge with bestial killing power. (Slay +6)
You are too large for most types of armour.
You have claws for hands.
Your natural rate of healing is unusually fast.
You are covered in fur. (AC +1)
You have tough skin. (AC +1)


Message History

The merfolk hits you with a +0 trident!
* * * LOW HITPOINT WARNING * * *
You claw the merfolk!
The merfolk is almost dead.
The merfolk barely misses you.
You mangle the merfolk!!
You kill the merfolk!
Your Dodging skill increases to level 5!
You now have 1813 gold pieces (gained 54).
You see here a +0 trident.
You start resting.
A centaur comes into view.
The centaur wields a +0 orcbow.
The centaur shoots an arrow.
The arrow misses you.
The centaur shoots an arrow.
The arrow hits you!
* * * LOW HITPOINT WARNING * * *
The centaur unwields a +0 orcbow.
The centaur barely misses you. The centaur closely misses you.
The centaur barely misses you.
The centaur kicks you but does no damage.
You claw the centaur! x2
You kill the centaur!
Your Unarmed Combat skill increases to level 14!
You now have 1975 gold pieces (gained 162).
There is a spawn point here.
You see here a +0 orcbow.
You start resting.
A harpy comes into view.
You strike the helpless harpy from behind!
You claw the harpy!
The harpy is moderately wounded.
The harpy claws you! The harpy claws you.
You barely miss the harpy.
The harpy is moderately wounded.
The harpy claws you! The harpy claws you.
* * * LOW HITPOINT WARNING * * *
The harpy claws you!
* * * LOW HITPOINT WARNING * * *
The harpy claws you!
You die...
Your body crumbles into a pile of gold.

###......
#⌠.......
######.8......
##∩___......###
###∩........8.# #
##...[.......).###
#⌠...)......###...
#)..........# #.<.
#hH.........###...
##....)........###
###∩........8.# #
##∩_._......###
######.8...[..
#⌠.......
###...[.. #_.....
#_.....


You could see a harpy.

Vanquished Creatures
  2 rime drakes (D)
  A merfolk (D)
  2 water elementals (D)
  An ice beast (D)
  A centaur (D)
  Blork the orc (D)
  3 jellies (D)
  An adder simulacrum (D)
  4 orcs (D)
  3 endoplasms (D)
19 creatures vanquished.

Notes
Turn   | Place    | Note
-------+----------+-------------------------------------------
     0 | D        | rocky1 the Troll Shapeshifter began the quest for the Orb.
     0 | D        | Reached XP level 1. HP: 18/18 MP: 0/0
     1 | D        | Found a basalt altar of Yredelemnul.
     2 | D        | Found a glowing silver altar of Zin.
     3 | D        | Found a hide-covered altar of Uskayaw.
     3 | D        | Found an iron altar of Okawaru.
     4 | D        | Found Saoproa's Timeless Talismans.
     4 | D        | Found a shadowy altar of Dithmenos.
     4 | D        | Found Letivov's Identification Station.
     5 | D        | Found Dopyet's Jewellery.
     5 | D        | Found Xuobycvu's Advanced Armour.
     5 | D        | Round 1.
     7 | D        | Noticed Blork the orc
    19 | D        | Killed Blork the orc
    20 | D        | Reached skill level 5 in Unarmed Combat
    20 | D        | Reached skill level 5 in Shapeshifting
    20 | D        | Reached XP level 2. HP: 26/26 MP: 1/1
    20 | D        | Reached XP level 3. HP: 32/32 MP: 2/2
    38 | D        | Reached XP level 4. HP: 40/40 MP: 3/3
    54 | D        | Found a corrupted altar of Lugonu.
    54 | D        | Found a bloodstained altar of Trog.
    55 | D        | Found a blossoming altar of Fedhas.
    55 | D        | Found a sacrificial altar of Ru.
    55 | D        | Found Quh Wats's Magic Scroll Shop.
    55 | D        | Found Afoojal's Staff Store.
    56 | D        | Found Ihetsues's Magic Scroll Shop.
    56 | D        | Found Detenut's Must-Have Magic.
    59 | D        | Found a burning altar of Makhleb.
    60 | D        | Found a snail-covered altar of Cheibriados.
    63 | D        | Found Asuomm's Distillery.
    64 | D        | Found an opulent altar of Gozag.
    64 | D        | Found a shimmering altar of Xom.
    64 | D        | Found an ornate altar of the Wu Jian Council.
    64 | D        | Found Ditag's Do-It-Yourself Clinic.
    66 | D        | Found Nolool's Distillery.
    66 | D        | Found Aqox's Bottled Wisdom.
    70 | D        | Found a radiant altar of Vehumet.
    71 | D        | Found a shimmering blue altar of Sif Muna.
    75 | D        | Found Gaoss's Weapon Rack.
    76 | D        | Found an ancient bone altar of Kikubaaqudgha.
    76 | D        | Found a stormy altar of Qazlal.
    76 | D        | Found a glowing golden altar of the Shining One.
    76 | D        | Found Ozxesogo's Premium Goods.
    78 | D        | Found Esolusemm's Basic Armour.
    78 | D        | Found Ezoefyav's Miscellaneous Merchandise.
   132 | D        | Became a worshipper of Gozag Ym Sagoz the Greedy
   148 | D        | Arena points: 12 (+12) [x2]
   189 | D        | Round 2.
   246 | D        | Reached skill level 1 in Fighting
   246 | D        | Reached skill level 6 in Unarmed Combat
   288 | D        | Reached XP level 5. HP: 13/48 MP: 4/4
   341 | D        | Arena points: 54 (+42) [x3]
   342 | D        | Reached skill level 7 in Unarmed Combat
   359 | D        | Round 3.
   371 | D        | Noticed a water elemental
   378 | D        | Killed a water elemental
   379 | D        | Reached skill level 9 in Unarmed Combat
   379 | D        | Reached XP level 6. HP: 44/55 MP: 5/5
   410 | D        | Noticed a rime drake
   418 | D        | Killed a rime drake
   419 | D        | Reached skill level 11 in Unarmed Combat
   419 | D        | Reached XP level 7. HP: 24/63 MP: 6/6
   489 | D        | Noticed a rime drake
   505 | D        | Killed a rime drake
   506 | D        | Reached skill level 12 in Unarmed Combat
   524 | D        | Noticed a water elemental
   534 | D        | Killed a water elemental
   534 | D        | Arena points: 138 (+84) [x4]
   535 | D        | Reached skill level 13 in Unarmed Combat
   535 | D        | Reached XP level 8. HP: 27/74 MP: 7/7
   557 | D        | Round 4.
   562 | D        | Noticed a merfolk
   572 | D        | Killed a merfolk
   573 | D        | Reached skill level 5 in Dodging
   588 | D        | Reached skill level 14 in Unarmed Combat
   610 | D        | Noticed a harpy
   612 | D        | Slain by a harpy

Illustrated notes

Levels and vault maps discovered:
D:        arena_sprint

Skill      XL: |  1  2  3  4  5  6  7  8 |
---------------+-------------------------+-----
Dodging        | 2 3 4 5 |  5.1
Unarmed Combat | 5 6 9 11 13 14 | 14.1
Shapeshifting  | 5 6 7 8 9 |  9.3
Fighting       | 1 2 |  2.6
Stealth        | |  0.3

Action                     |  1- 3 |  4- 6 |  7- 9 || total
---------------------------+-------+-------+-------++-------
  Melee: Unarmed           |     5 |    38 |    20 ||    63
         Punch             |     1 |       |     2 ||     3
    Use: Potion            |     1 |     2 |     1 ||     4
   Stab: Distracted        |       |       |     1 ||     1
 Armour: Animal skin       |       |     2 |     4 ||     6
  Dodge: Dodged            |     2 |    20 |     7 ||    29

Table legend: (Time is in decaauts)
 A = Elapsed time spent in this place.
 B = Non-inter-level travel time spent in this place.
 C = Inter-level travel time spent in this place.
 D = Time resting spent in this place.
 E = Time spent auto-exploring this place.
 F = Levels seen in this place.
 G = Mean time per level.
                   A        B        C        D        E       F      G
               +--------+--------+--------+--------+--------+-----+--------+
         Total |    615 |    615 |      0 |    123 |      0 |   1 |  615.0 |
       Dungeon |    615 |    615 |      0 |    123 |      0 |   1 |  615.0 |
               +--------+--------+--------+--------+--------+-----+--------+

Top non-repeatable levels by time:
       D: 615 daAuts
